 Dungeon Crawl Stone Soup version 0.28-a0-1202-g1e6f1b2279 (webtiles) character file.

Game seed: 2028968071039747756

3812 KyoPewz the Scholar of Death (level 9, 0/59 HPs)
             Began as a Demonspawn Necromancer on Dec 20, 2021.
             Was a Follower of Kikubaaqudgha.
             Killed from afar by a manticore (6 damage)
             ... with a volley of spikes
             ... on level 7 of the Dungeon.
             The game lasted 00:46:49 (10148 turns).

KyoPewz the Scholar of Death (DsNe)                Turns: 10148, Time: 00:46:50

Health: 0/59       AC:  9    Str: 11    XL:     9   Next: 97%
Magic:  22/23      EV: 16    Int: 18    God:    Kikubaaqudgha [*.....]
Gold:   376        SH:  0    Dex: 14    Spells: 12/28 levels left

rFire   + . .      SeeInvis .   y - +2 short sword (elec) {short}
rCold   . . .      Faith    .   (no shield)
rNeg    . . .      Spirit   .   x - +2 robe {rF+}
rPois   +          Reflect  .   (helmet restricted)
rElec   .          Harm     .   K - +2 cloak {rPois}
rCorr   +          Rampage  .   z - +1 pair of gloves
Will    .....                   (no boots)
Stlth   ++........              (no amulet)
HPRegen 0.19/turn               c - +4 ring of evasion
MPRegen 0.36/turn               j - ring of resist corrosion

@: spiked
A: antennae 1, magic regeneration, demonic magic 1, weakness stinger 2, demonic
touch 1
a: Renounce Religion, Receive Corpses


You were on level 7 of the Dungeon.
You worshipped Kikubaaqudgha.
Kikubaaqudgha was aware of your devotion.
You visited 2 branches of the dungeon, and saw 8 of its levels.

You collected 376 gold pieces.


Innate Abilities, Weirdness & Mutations

You have a pair of small antennae on your head.
You regenerate magic rapidly.
Spells you cast may paralyse adjacent enemies.
You have a tail ending in a sharp stinger.
Your touch may inflict minor irresistible damage on your foes.


   Skills:
 - Level 1.1 Fighting
 + Level 4.1 Short Blades
 - Level 1.7 Dodging
 - Level 1.7 Stealth
 - Level 10.0 Spellcasting
 - Level 10.1 Necromancy


You had 12 spell levels left.
You knew the following spells:

 Your Spells              Type           Power      Damage    Failure   Level
a - Pain                  Necr           100%       1d9       1%          1
b - Animate Skeleton      Necr           90%        N/A       1%          1
c - Vampiric Draining     Necr           45%        2d9       1%          3
d - Sublimation of Blood  Necr           45%        N/A       1%          2
e - Animate Dead          Necr           22%        N/A       1%          4
f - Agony                 Necr           45%        N/A       3%          5

Your spell library contained the following spells:

 Spells                   Type           Power      Damage    Failure   Level
 Ensorcelled Hibernation  Hex/Ice        18%        N/A       12%         2
 Gell's Gravitas          Tloc           9%         N/A       24%         3
 Ignite Poison            Fire/Tmut/Pois 9%         N/A       24%         3
 Mephitic Cloud           Conj/Pois/Air  9%         N/A       24%         3
 Spider Form              Tmut/Pois      9%         N/A       24%         3
 Teleport Other           Tloc           9%         N/A       24%         3
 Tukima's Dance           Hex            9%         N/A       24%         3
 Passage of Golubria      Tloc           9%         N/A       61%         4
 Petrify                  Tmut/Erth      9%         N/A       61%         4
 Freezing Cloud           Conj/Ice/Air   4%         6-21      91%         5
 Irradiate                Conj/Tmut      4%         3d15      91%         5
 Yara's Violent Unravell  Hex/Tmut       4%         3d4       91%         5
 Dispersal                Tloc           4%         N/A       100%        6

Inventory:

Hand Weapons
 e - a +1 short sword of draining {short}
   (You took it off a kobold on level 1 of the Dungeon)
 y - a +2 short sword of electrocution (weapon) {short}
   (You took it off a kobold on level 4 of the Dungeon)
 C - a +0 whip of freezing {mace}
   (You took it off Pikel on level 5 of the Dungeon)
Missiles
 k - 186 stones {throwing}
 o - 36 sling bullets
 p - 84 arrows
 s - 30 poisoned darts {throwing}
 L - a boomerang {throwing}
 S - a throwing net {=f!fthrowing}
Armour
 w - a +0 chain mail
   (You took it off Terence on level 3 of the Dungeon)
 x - a +2 robe of fire resistance (worn)
   (You took it off Sigmund on level 3 of the Dungeon)
 z - a +1 pair of gloves (worn)
   (You found it on level 4 of the Dungeon)
 A - a +1 ring mail of fire resistance
   (You found it on level 4 of the Dungeon)
 I - the +1 leather armour of the True Pharaoh {+Inv Will- Dex+2}
   (You found it on level 4 of the Dungeon)

   Dex:       It affects your dexterity (+2).
   +Inv:      It lets you turn invisible.
   Will:      It decreases your willpower.
 K - a +2 cloak of poison resistance (worn)
   (You took it off Crazy Yiuf on level 5 of the Dungeon)
 M - a +1 leather armour of cold resistance
   (You took it off Edmund on level 6 of the Dungeon)
Magical Staves
 l - a staff of fire {!astaff}
   (You found it on level 2 of the Dungeon)
Jewellery
 b - an amulet of faith {!P}
   (You found it on level 1 of the Dungeon)
 c - a +4 ring of evasion (left hand)
   (You found it on level 1 of the Dungeon)
 j - a ring of resist corrosion (right hand)
   (You found it on level 1 of the Dungeon)
 m - a ring of ice
   (You found it on level 2 of the Dungeon)
Wands
 D - a wand of polymorph (8)
   (You found it on level 4 of the Dungeon)
 R - a wand of iceblast (2)
   (You found it on level 7 of the Dungeon)
Scrolls
 a - a scroll of blinking {unknown}
 d - 3 scrolls of teleportation {unknown}
 h - 7 scrolls of identify {unknown}
 i - a scroll of enchant armour {unknown}
 n - 2 scrolls of immolation {unknown}
 t - a scroll of amnesia {unknown}
 u - a scroll of vulnerability {unknown}
 v - 3 scrolls of magic mapping {unknown}
 F - 2 scrolls of enchant weapon {unknown}
 J - 3 scrolls of noise {unknown}
 O - 2 scrolls of fog {unknown}
Potions
 f - 5 potions of curing {unknown}
 g - 2 potions of attraction {unknown}
 q - a potion of cancellation {unknown}
 r - 5 potions of heal wounds {unknown}
 B - 3 potions of resistance {unknown}
 E - 4 potions of flight {unknown}
 G - a potion of haste {unknown}
 H - 2 potions of might {unknown}
 N - a potion of invisibility {unknown}
 P - a potion of brilliance {unknown}
 Q - a potion of lignification {unknown}

Dungeon Overview and Level Annotations

Branches:
Dungeon (7/15)             Temple (1/1) D:5

Altars:
Ashenzari
Cheibriados
Dithmenos
Elyvilon
Fedhas
Gozag
Kikubaaqudgha
Nemelex Xobeh
Okawaru
Qazlal
Ru
Trog
Uskayaw
Vehumet
Wu Jian
Xom
Yredelemnul
Zin
The Shining One

......................#
................##....#
......................#
.................#....#
..#..#...........#....#
###..#................#
.....#..........†.....#
##...###########†###.##
.....# #.......@†....#
#....####........###..#
#............H...# .#
#...##.......#######..#
#....#.#####.#.†......#
#..#.#.#.....#)######.#
...#.#.#..............#
#....#.#.#...........##
######.#.............#


You could see a manticore.


Message History

😕 MP[-1]
You lost 1 mp, and now have 22/23 mp.
The sky beast writhes in agony.
Malevolent energies surge around you.
The sky beast suddenly stops moving! 😕 HP[-1] MP[-1]
You take 1 damage, and now have 54/59 hp.
You lost 1 mp, and now have 21/23 mp.
The helpless sky beast fails to defend itself.
You puncture the sky beast! 😕 MP[+1]
The helpless sky beast fails to defend itself.
You puncture the sky beast!
The sky beast is no longer paralysed.
You barely miss the sky beast. The sky beast closely misses you.
You hit the sky beast.
You tail-slap the sky beast, but do no damage.
The sky beast hits you but does no damage. 😕 MP[+1]
Your mp is fully restored (23).
You barely miss the sky beast.
You tail-slap the sky beast, but do no damage.
Your touch misses the sky beast.
The sky beast barely misses you. 😕 HP[+1]
You barely miss the sky beast.
The sky beast flickers out of sight!
Deactivating autopickup; reactivate with Ctrl-A.
Something hits you but does no damage.
You closely miss something. Something hits you. Something shocks you. 😕 HP[-7]
You take 7 damage, and now have 48/59 hp.
You puncture something! Kikubaaqudgha accepts your kill.
Reactivating autopickup.
You feel a bit more experienced.
Your Short Blades skill increases to level 4!
You start resting.
You see here a sky beast corpse. 😕 HP[+4]
You regained 4 hp, and now have 52/59 hp.
You start resting. 😎 HP[+7]
Your hp is fully restored (59).
There is a stone staircase leading down here.
h - 7 scrolls labelled LAUNUG MIMESIUL (gained 1)
Found a stone staircase leading up.
You sense a monster nearby.
The manticore flicks its tail.
The volley of spikes hits you!
The barbed spikes become lodged in your body. 😕 HP[-10]
You take 10 damage, and now have 49/59 hp.
Casting: Pain (safe; 1% risk of failure)
Confirm with . or Enter, or press ? or * to list all spells.
Aiming: Pain (safe; 1% risk of failure)
Press: ? - help, Shift-Dir - straight line, f - manticore
Aim: a manticore (chance to affect: 71%)
The manticore struggles to resist.
Malevolent energies surge around you.
The manticore flicks its tail.
The volley of spikes hits you!
The barbed spikes become lodged in your body. 😮 HP[-15] MP[-1]
You take 15 damage, and now have 34/59 hp.
MASSIVE DAMAGE!! (PAUSE)
You lost 1 mp, and now have 22/23 mp.
Autopickup is now off.
Autopickup is now on.
Kikubaaqudgha delivers you corpses!
The manticore flicks its tail.
The volley of spikes misses you. 😮 MP[-3]
You lost 3 mp, and now have 19/23 mp.
Casting: Pain (safe; 1% risk of failure)
Confirm with . or Enter, or press ? or * to list all spells.
You draw magical energy from your own body!
Malevolent energies surge around you.
The manticore flicks its tail.
The volley of spikes hits you!
The barbed spikes become lodged in your body.
* * * LOW HITPOINT WARNING * * *
😨 HP[-19] MP[+2]
You take 19 damage, and now have 15/59 hp.
MASSIVE DAMAGE!! (PAUSE)
You regained 2 mp, and now have 21/23 mp.
Casting: Sublimation of Blood (safe; 1% risk of failure)
Confirm with . or Enter, or press ? or * to list all spells.
Okay, then.
Unknown command.
The barbs in your skin will harm you if you move.
Continue?
The barbed spikes dig painfully into your body as you move.
* * * LOW HITPOINT WARNING * * *
The manticore flicks its tail.
The volley of spikes hits you.
The barbed spikes become lodged in your body.
* * * LOW HITPOINT WARNING * * *
There is a stone staircase leading up, spattered with blood here. 😱 HP[-9]
You take 9 damage, and now have 6/59 hp.
The manticore flicks its tail.
The volley of spikes hits you.
The barbed spikes become lodged in your body.
You die...
Kikubaaqudgha rasps: "You have failed me!
Welcome... death!"

Skill      XL: |  1  2  3  4  5  6  7  8  9 |
---------------+----------------------------+-----
Necromancy     | 5 6 8 9 10 | 10.1
Spellcasting   | 4 8 10 | 10.0
Fighting       | 1 |  1.1
Short Blades   | 4 |  4.1
Dodging        | |  1.7
Stealth        | |  1.7

Action                   |  1- 3 |  4- 6 |  7- 9 || total
-------------------------+-------+-------+-------++-------
Melee: Short sword       |    15 |    50 |   175 ||   240
       Touch             |       |     7 |    25 ||    32
       Tailslap          |       |     3 |    22 ||    25
Throw: Dart              |       |     1 |     3 ||     4
 Cast: Pain              |    57 |    67 |    70 ||   194
       Animate Skeleton  |     9 |     3 |     4 ||    16
       Vampiric Draining |       |     4 |    22 ||    26
       Sublimation of Bl |       |       |     1 ||     1
Invok: Receive Corpses   |       |       |     1 ||     1
 Stab: Paralysed         |       |     6 |    22 ||    28
Armor: Robe              |     1 |     5 |    53 ||    59
Dodge: Dodged            |    16 |    38 |   166 ||   220

Levels and vault maps discovered:
D:1:      eino_arrival_cavern_d, layout_loops_ring, serial_co_window_serial,
          co_window_paths_a, co_window_paths_b, co_window_corner_a,
          co_window_corner_a, co_window_paths_a, co_window_paths_a,
          co_window_of_opportunity_a, co_window_paths_a, co_window_corner_a,
          co_window_2corner, co_window_corner_b, co_window_unsneaky_path_b,
          co_window_paths_d, co_window_4corner_b, glass_columns_c,
          glass_columns_b, glass_columns_b, glass_columns_a,
          amcnicky_mini_corridor_feature, minmay_close_crescents
D:2:      layout_basic, basic_altar
D:3:      layout_basic, chequers_avenue, uniq_sigmund, uniq_terence
D:4:      layout_layer_cave, minmay_fractal_squares_gapless_5
D:5:      layout_rooms, minmay_temple_entry_waves,
          chequers_serial_rivers_micro_c, lemuel_flamethrower_1,
          uniq_crazy_yiuf_cottage, uniq_eustachio
D:6:      layout_rooms, grunt_decor_resistance, uniq_edmund, uniq_pikel,
          uniq_prince_ribbit1, uniq_grinder
D:7:      layout_basic, skrybe_limestone_x
Temple:   dpeg_five_rooms_temple

Notes
Turn   | Place    | Note
-------+----------+-------------------------------------------
     0 | D:1      | KyoPewz the Demonspawn Necromancer began the quest for the
                  | Orb.
     0 | D:1      | Reached XP level 1. HP: 13/13 MP: 3/3
     0 | D:1      | magus.rc [v1.9.6]
    14 | D:1      | You pick up a book of Dreams and begin reading...
    14 | D:1      | You add the spells Ensorcelled Hibernation and Spider Form
                  | to your library.
   258 | D:1      | Learned a level 1 spell: Animate Skeleton
   533 | D:1      | Gained mutation: You regenerate magic rapidly. [demonic
                  | ancestry]
   533 | D:1      | Reached XP level 2. HP: 15/19 MP: 0/5
   677 | D:1      | Reached skill level 5 in Necromancy
  1164 | D:1      | You add the spells Gell's Gravitas, Teleport Other and
                  | Dispersal to your library.
  1864 | D:2      | Reached XP level 3. HP: 20/24 MP: 0/6
  2294 | D:2      | Found an iron altar of Okawaru.
  2421 | D:2      | Reached skill level 6 in Necromancy
  2544 | D:2      | Learned a level 3 spell: Vampiric Draining
  2645 | D:2      | Gained mutation: Spells you cast may paralyse adjacent
                  | enemies. [demonic ancestry]
  2645 | D:2      | Reached XP level 4. HP: 24/30 MP: 2/7
  2830 | D:3      | Noticed Sigmund
  3738 | D:3      | Noticed Terence
  4045 | D:3      | You add the spells Tukima's Dance, Passage of Golubria and
                  | Yara's Violent Unravelling to your library.
  4124 | D:3      | Killed Terence
  4125 | D:3      | Reached skill level 7 in Necromancy
  4448 | D:3      | Killed Sigmund
  4449 | D:3      | Reached skill level 8 in Necromancy
  4449 | D:3      | You feel monstrous as your demonic heritage exerts itself.
  4449 | D:3      | Discovered your monstrous ancestry.
  4449 | D:3      | Gained mutation: You have a small tail. [demonic ancestry]
  4449 | D:3      | Reached XP level 5. HP: 22/35 MP: 3/8
  4449 | D:3      | Gained mutation: Your touch may inflict minor irresistible
                  | damage on your foes. [demonic ancestry]
  4449 | D:3      | Reached XP level 6. HP: 26/41 MP: 3/9
  4801 | D:4      | Reached skill level 9 in Necromancy
  5428 | D:4      | You pick up a book of Alchemy and begin reading...
  5428 | D:4      | You add the spells Sublimation of Blood, Petrify and
                  | Irradiate to your library.
  5439 | D:4      | You add the spells Ignite Poison, Mephitic Cloud and
                  | Freezing Cloud to your library.
  5534 | D:4      | HP: 6/41 [ogre (22)]
  5570 | D:4      | Reached XP level 7. HP: 21/46 MP: 6/10
  5760 | D:4      | HP: 10/46 [ogre (34)]
  5763 | D:4      | Identified the +1 leather armour of the True Pharaoh {+Inv
                  | Will- Dex+2}
  6120 | D:5      | Entered Level 5 of the Dungeon
  6141 | D:5      | Reached skill level 10 in Necromancy
  6201 | D:5      | HP: 11/46 [centaur warrior zombie (8)]
  6204 | D:5      | Reached skill level 4 in Spellcasting
  6204 | D:5      | Gained mutation: You have a pair of small antennae on your
                  | head. [demonic ancestry]
  6204 | D:5      | Reached XP level 8. HP: 13/52 MP: 10/14
  6610 | D:5      | Reached skill level 5 in Spellcasting
  7233 | D:5      | Found a runed translucent door.
  7234 | D:5      | Noticed Crazy Yiuf
  7240 | D:5      | Killed Crazy Yiuf
  7466 | D:5      | Found a staircase to the Ecumenical Temple.
  7475 | Temple   | Entered the Ecumenical Temple
  7592 | Temple   | Became a worshipper of Kikubaaqudgha
  7773 | D:5      | Learned a level 2 spell: Sublimation of Blood
  7830 | D:5      | Reached skill level 6 in Spellcasting
  7902 | D:5      | Noticed Eustachio
  7951 | D:5      | Killed Eustachio
  8102 | D:5      | Reached skill level 7 in Spellcasting
  8236 | D:6      | Noticed Pikel
  8237 | D:6      | Noticed Grinder
  8248 | D:5      | Killed Pikel
  8249 | D:5      | Reached skill level 8 in Spellcasting
  8249 | D:5      | Gained mutation: You have a tail ending in a sharp stinger.
                  | [demonic ancestry]
  8249 | D:5      | Reached XP level 9. HP: 48/57 MP: 18/21
  8308 | D:6      | Noticed Edmund
  8325 | D:6      | Killed Edmund
  8326 | D:6      | Paralysed by Grinder for 2 turns
  8398 | D:6      | Killed Grinder
  8399 | D:6      | Reached skill level 9 in Spellcasting
  8677 | D:6      | Noticed Prince Ribbit
  8690 | D:6      | Killed Prince Ribbit
  9079 | D:6      | Reached * piety under Kikubaaqudgha
  9079 | D:6      | Received a gift from Kikubaaqudgha
  9088 | D:6      | Learned a level 4 spell: Animate Dead
  9094 | D:6      | Learned a level 5 spell: Agony
  9311 | D:6      | Reached skill level 10 in Spellcasting
  9417 | D:7      | Reached skill level 1 in Fighting
  9447 | D:7      | Noticed a manticore
  9495 | D:7      | Reached skill level 2 in Short Blades
  9578 | D:7      | Reached skill level 3 in Short Blades
 10034 | D:7      | Reached skill level 4 in Short Blades
 10147 | D:7      | HP: 12/59 [barbs]
 10148 | D:7      | Killed from afar by a manticore

Vanquished Creatures
  Pikel (D:5)
  2 centaur zombies
  A hornet (D:7)
  Grinder (D:6)
  Prince Ribbit (D:6)
  Sigmund (D:3)
  Eustachio (D:5)
  Edmund (D:6)
  A steam dragon (D:6)
  2 ice beasts
  A sky beast (D:7)
  2 necrophages
  2 centaurs
  4 ogres
  A bullfrog (D:7)
  A scorpion (D:5)
  2 wyvern skeletons
  An orc priest (D:5)
  A bullfrog zombie (D:7)
  4 jellies
  Crazy Yiuf (D:5)
  A gnoll shaman (D:7)
  2 hounds
  A bullfrog skeleton (D:5)
  4 iguanas
  Terence (D:3)
  3 orc wizards
  A howler monkey zombie (D:6)
  3 gnolls (D:7)
  5 adders
  A white imp (D:6)
  3 adder skeletons
  An adder zombie (D:3)
  4 worms
  2 dart slugs
  15 orcs
  8 endoplasms
  4 giant cockroaches
  5 goblins
  9 hobgoblins
  4 jackals (D:5)
  2 quokkas
  2 ball pythons
  3 bats
  6 frilled lizards
  9 kobolds
  7 rats
138 creatures vanquished.

Vanquished Creatures (collateral kills)
  A ball python (D:1)
1 creature vanquished.

Vanquished Creatures (others)
  A white imp (D:6)
1 creature vanquished.

Grand Total: 140 creatures vanquished

Table legend:
 A = Non-vault XP
 B = Vault XP
 C = Vault XP percentage of total XP
 D = Non-vault monster count
 E = Vault monster count
 F = Vault count percentage of total count
                 A         B        C        D         E       F
            +---------+---------+-------+---------+---------+-------
      Total |    3395 |    2052 |  37.7 |     122 |      17 |  12.2
            +---------+---------+-------+---------+---------+-------
        D:1 |      25 |       6 |  19.4 |      16 |       4 |  20.0
        D:2 |      70 |       0 |   0.0 |      18 |       0 |   0.0
        D:3 |      58 |     263 |  81.9 |      22 |       2 |   8.3
        D:4 |     303 |     240 |  44.2 |      12 |       5 |  29.4
        D:5 |    1194 |     844 |  41.4 |      23 |       3 |  11.5
        D:6 |     720 |     699 |  49.3 |      15 |       3 |  16.7
        D:7 |    1025 |       0 |   0.0 |      16 |       0 |   0.0
            +---------+---------+-------+---------+---------+-------

Illustrated notes

Table legend:
 A = Kills in this place as a percentage of kills in entire the game.
 B = Kills by you in this place as a percentage of kills by you in the entire game.
 C = Kills by friends in this place as a percentage of kills by friends in the entire game.
 D = Other kills in this place as a percentage of other kills in the entire game.
 E = Experience gained in this place as a percentage of experience gained in the entire game.
 F = Experience gained in this place divided by the number of levels of this place that you have seen.
                   A       B       C       D       E      F
               +-------+-------+-------+-------+-------+----------------------
         Total | 100.0 | 100.0 | 100.0 |   N/A | 100.0 | 680.9
       Dungeon | 100.0 | 100.0 | 100.0 |   N/A | 100.0 | 778.1
               +-------+-------+-------+-------+-------+----------------------

Table legend: (Time is in decaauts)
 A = Elapsed time spent in this place.
 B = Non-inter-level travel time spent in this place.
 C = Inter-level travel time spent in this place.
 D = Time resting spent in this place.
 E = Time spent auto-exploring this place.
 F = Levels seen in this place.
 G = Mean time per level.
                   A        B        C        D        E       F      G
               +--------+--------+--------+--------+--------+-----+--------+
         Total |  10172 |   9550 |    622 |   2420 |   4348 |   8 | 1271.5 |
       Dungeon |   9886 |   9312 |    574 |   2420 |   4124 |   7 | 1412.3 |
        Temple |    286 |    238 |     48 |      0 |    224 |   1 |  286.0 |
               +--------+--------+--------+--------+--------+-----+--------+

Top non-repeatable levels by time:
     D:4: 1985 daAuts
     D:1: 1816 daAuts
     D:3: 1674 daAuts
     D:5: 1434 daAuts
     D:2: 1174 daAuts
     D:6: 1084 daAuts
     D:7: 716 daAuts
  Temple: 286 daAuts
